 Dungeon Crawl Stone Soup version 0.29-a0-962-gc8bbfd0a37 (webtiles) character file.

Game seed: 13365525889912709797

371 hermitkingdom the Cudgeller (level 6, -13/37 HPs)
             Began as a Gargoyle Fighter on July 31, 2022.
             Was a Priest of Cheibriados.
             Mangled by an ogre
             ... wielding a +0 giant club
              (26 damage)
             ... on level 4 of the Dungeon on Aug 5, 2022.
             The game lasted 00:44:13 (5537 turns).

hermitkingdom the Cudgeller (Gargoyle Fighter)      Turns: 5537, Time: 00:44:13

Health: -13/37     AC: 13    Str: 27    XL:     6   Next: 71%
Magic:  6/6        EV:  9    Int: 15    God:    Cheibriados [***...]
Gold:   168        SH:  6    Dex: 18    Spells: 5/5 levels left

rFire   . . .      SeeInvis .   a - +2 flail
rCold   . . .      Faith    .   c - +1 buckler
rNeg    + . .      Spirit   .   b - +2 scale mail
rPois   ∞          Reflect  .   (no helmet)
rElec   +          Harm     .   (no cloak)
rCorr   .          Rampage  .   (no gloves)
Will    .....                   (no boots)
Stlth   ..........              (no amulet)
HPRegen 0.12/turn               (no ring)
MPRegen 0.10/turn               (no ring)

@: flying, very slow
A: sickness immunity, AC +4, negative energy resistance 1, electricity
resistance, torment resistance 1, petrification resistance
a: Renounce Religion, Bend Time, Temporal Distortion


You were on level 4 of the Dungeon.
You worshipped Cheibriados.
Cheibriados was most pleased with you.
You visited 1 branch of the dungeon, and saw 4 of its levels.

You collected 168 gold pieces.

Inventory:

Hand Weapons
 a - a +2 flail (weapon)
 m - a +0 mace of venom
 n - a +0 dagger
 o - the +6 sling of Ziufayni {speed, rElec Int+3}
   (You found it on level 3 of the Dungeon)

   Attacks with this weapon are significantly faster.
   Int:       It affects your intelligence (+3).
   rElec:     It insulates you from electricity.
   Cheibriados disapproves of the use of such an item.
 q - a +2 whip of venom
 v - a +2 dagger of venom
 x - a +3 falchion of draining
Armour
 b - a +2 scale mail (worn)
 c - a +1 buckler (worn)
Wands
 s - a wand of flame (8)
 u - a wand of mindburst (13)
Scrolls
 h - 2 scrolls of teleportation
 l - 3 scrolls of amnesia
Potions
 d - a potion of cancellation {unknown}
 e - a potion of magic {unknown}
 g - a potion of degeneration {unknown}
 i - 2 potions of flight
 k - a potion of curing {unknown}
 p - a potion of ambrosia {unknown}
 z - 2 potions of attraction {unknown}


   Skills:
 - Level 3.2 Fighting
 * Level 6.9 Maces & Flails
 - Level 3.2 Armour
 - Level 3.2 Shields


You had 5 spell levels left.
You didn't know any spells.
Your spell library contained the following spells:

 Spells                   Type           Power      Damage    Failure   Level
 Ensorcelled Hibernation  Hex/Ice        0%         N/A       75%         2
 Passwall                 Tmut/Erth      0%         N/A       75%         2
 Swiftness                Air            0%         N/A       93%         3


Dungeon Overview and Level Annotations

Branches:
Dungeon (4/15)
 Temple: D:4-7

Altars:
Ashenzari
Cheibriados
Gozag
Nemelex Xobeh

Annotations:
D:2 exclusion: downstairs
D:3 exclusion: 2 downstairs


Innate Abilities, Weirdness & Mutations

You are immune to sickness and miasma.
Your stone body is resilient. (AC +4)
You are immune to poison.
You resist negative energy. (rN+)
You are resistant to electric shocks. (rElec)
You are resistant to unholy torment.
You are immune to petrification.


Message History

The jackal bites you but does no damage.
The endoplasm jiggles.
The jackal closely misses you. The jackal attacks as you move away!
You block the jackal's attack. The jackal barely misses you.
You barely miss the jackal. You block the jackal's attack.
You thump the jackal!
You kill the jackal!
Cheibriados thoroughly appreciates the change of pace.
You thump the endoplasm!
You kill the endoplasm!
Cheibriados appreciates the change of pace.
No target in view!
No target in view!
No target in view!
No target in view!
There is a large open door here.
An ogre comes into view. It is wielding a +0 giant club.
The ogre shouts!
Unknown command.
Press: ? - help, v - describe, . - travel A tree.
There is a large open door here.
The ogre attacks as you move away! The ogre misses you.
The ogre attacks as you move away! You block the ogre's attack.
You barely miss the ogre.
The ogre hits you with a +0 giant club!!
Ouch! That really hurt!
You are too injured to fight recklessly!
You are too injured to fight recklessly!
Okay, then.
Okay, then.
Okay, then.
Okay, then.
Okay, then.
You feel very buoyant.
You fly up into the air.
The ogre hits you with a +0 giant club!!
Ouch! That really hurt!
You die...

#.# ......... #.#
♣....♣ #.# ♣....♣
#.# ♣....♣ #
#)#..♣♣♣♣....♣♣♣♣..#
#.#................#
#.#................#
#)########''########
#....@O.....#
#############


You could see an ogre.

Vanquished Creatures
  A bullfrog (D:4)
  A scorpion (D:3)
  An orc priest (D:4)
  A hound (D:4)
  Jessica (D:3)
  Robin (D:2)
  2 adders
  3 gnolls (D:4)
  5 orcs
  11 ball pythons
  10 endoplasms
  3 giant cockroaches
  15 goblins
  11 hobgoblins
  3 jackals (D:4)
  3 kobolds
  5 quokkas
  5 bats
  5 frilled lizards
  9 rats
96 creatures vanquished.

Vanquished Creatures (others)
  A demonic plant (D:1)
  A fungus (D:1)
2 creatures vanquished.

Grand Total: 98 creatures vanquished

Notes
Turn   | Place    | Note
-------+----------+-------------------------------------------
     0 | D:1      | hermitkingdom the Gargoyle Fighter began the quest for the
                  | Orb.
     0 | D:1      | Reached XP level 1. HP: 14/14 MP: 1/1
    35 | D:1      | You fall into a shaft and drop 1 floor!
   238 | D:2      | Reached XP level 2. HP: 17/19 MP: 2/2
   350 | D:2      | Reached skill level 3 in Maces & Flails
   885 | D:2      | Reached XP level 3. HP: 22/23 MP: 3/3
  1783 | D:1      | Found a faded altar of an unknown god.
  1793 | D:1      | Prayed at the altar of an unknown god.
  1793 | D:1      | Became a worshipper of Cheibriados the Contemplative
  1793 | D:1      | Reached * piety under Cheibriados
  2158 | D:1      | Reached skill level 4 in Maces & Flails
  2898 | D:3      | Noticed Robin
  3016 | D:2      | Killed Robin
  3017 | D:2      | Reached XP level 4. HP: 24/28 MP: 4/4
  3202 | D:3      | Reached ** piety under Cheibriados
  3208 | D:3      | Identified the +6 sling of Ziufayni {speed, rElec Int+3}
  3223 | D:3      | Found a broken altar of Ashenzari.
  3666 | D:3      | Noticed Jessica
  3673 | D:3      | Killed Jessica
  3674 | D:3      | Reached skill level 5 in Maces & Flails
  3674 | D:3      | Reached XP level 5. HP: 31/32 MP: 5/5
  4622 | D:3      | Reached skill level 6 in Maces & Flails
  4622 | D:3      | Reached XP level 6. HP: 10/37 MP: 6/6
  4975 | D:4      | Found a sparkling altar of Nemelex Xobeh.
  4975 | D:4      | Found an opulent altar of Gozag.
  5097 | D:4      | Reached *** piety under Cheibriados
  5537 | D:4      | Mangled by an ogre

Illustrated notes

Levels and vault maps discovered:
D:1:      eino_arrival_cavern_a, layout_basic, shapermc_ecumenical_altar_gd
D:2:      layout_basic
D:3:      layout_basic, overflow_temple_1_default, uniq_jessica, uniq_robin
D:4:      layout_basic, grunt_temple_overflow_opulence, kennysheep_dice,
          uniq_duvessa

Skill      XL: |  1  2  3  4  5 |
---------------+----------------+-----
Maces & Flails | 3 4 5 6 |  6.9
Fighting       | |  3.2
Armour         | |  3.2
Shields        | |  3.2

Action                   |  1- 3 |  4- 6 || total
-------------------------+-------+-------++-------
Melee: Flail             |   107 |   129 ||   236
Evoke: Wand              |       |     1 ||     1
  Use: Scroll            |     5 |    10 ||    15
       Potion            |     1 |     3 ||     4
Armor: Scale mail        |    48 |    82 ||   130
Dodge: Dodged            |    41 |    84 ||   125
Block: Buckler           |    15 |    44 ||    59

Table legend: (Time is in decaauts)
 A = Elapsed time spent in this place.
 B = Non-inter-level travel time spent in this place.
 C = Inter-level travel time spent in this place.
 D = Time resting spent in this place.
 E = Time spent auto-exploring this place.
 F = Levels seen in this place.
 G = Mean time per level.
                   A        B        C        D        E       F      G
               +--------+--------+--------+--------+--------+-----+--------+
         Total |   6664 |   6036 |    628 |   1305 |   3229 |   4 | 1666.0 |
       Dungeon |   6664 |   6036 |    628 |   1305 |   3229 |   4 | 1666.0 |
               +--------+--------+--------+--------+--------+-----+--------+

Top non-repeatable levels by time:
     D:3: 2149 daAuts
     D:2: 1975 daAuts
     D:1: 1534 daAuts
     D:4: 1004 daAuts
